 Dungeon Crawl Stone Soup version 0.30-a0-596-g0af90f9a20 (webtiles) character file.

Game seed: 5195189561713704169

973 bmack86 the Trooper (level 7, -3/66 HPs)
             Began as a Minotaur Fighter on Jan 7, 2023.
             Slain by a yak (5 damage)
             ... on level 4 of the Dungeon.
             The game lasted 00:10:41 (3301 turns).

bmack86 the Trooper (Minotaur Fighter)              Turns: 3301, Time: 00:10:41

Health: -3/66      AC: 12    Str: 22    XL:     7   Next: 94%
Magic:  6/6        EV:  7    Int:  5    God:
Gold:   87         SH:  5    Dex: 10    Spells: 6/6 levels left

rFire   . . .      SeeInvis .    a - +1 war axe (heavy)
rCold   . . .      Faith    .    c - +0 buckler
rNeg    . . .      Spirit   .    i - +0 chain mail
rPois   .          Reflect  .    (helmet restricted)
rElec   .          Harm     .    j - +0 cloak
rCorr   .          Rampage  .    (no gloves)
Will    .....                    p - +0 pair of boots Stlth
                                 (no amulet)
HPRegen 0.31/turn                (no ring)
MPRegen 0.10/turn                (no ring)

@: no status effects
A: horns 2, retaliatory headbutt
a: no special abilities


You were on level 4 of the Dungeon.
You visited 1 branch of the dungeon, and saw 5 of its levels.

You collected 87 gold pieces.

Inventory:

Hand Weapons
 a - a +1 heavy war axe (weapon)
 k - a +0 war axe
Missiles
 n - 6 poisoned darts (quivered)
Armour
 b - a +0 scale mail
 c - a +0 buckler (worn)
 i - a +0 chain mail (worn)
 j - a +0 cloak (worn)
 p - a +0 pair of boots (worn)
Jewellery
 g - a ring of protection from cold
Wands
 h - a wand of flame (7)
Scrolls
 f - a scroll of teleportation
Potions
 d - a potion of might
 e - 4 potions of heal wounds
 l - 2 potions of invisibility
 m - 2 potions of curing
 o - a potion of flight {unknown}


   Skills:
 * Level 7.0 Fighting
 * Level 6.3 Axes
 + Level 2.9 Throwing
 + Level 5.5 Armour
 + Level 5.5 Shields


You had 6 spell levels left.
You didn't know any spells.
Your spell library contained the following spells:

 Spells                   Type           Power      Damage    Failure   Level
 Sting                    Tmut/Pois      0%         1d3       99%         1
 Poisonous Vapours        Pois/Air       0%         N/A       100%        2
 Dazzling Flash           Conj/Hex       0%         N/A       100%        3
 Olgreb's Toxic Radiance  Pois           0%         N/A       100%        4
 Agony                    Necr           0%         N/A       100%        5
 Silence                  Hex/Air        0%         N/A       100%        5


Dungeon Overview and Level Annotations

Branches:
Dungeon (5/15)
 Temple: D:4-7

Altars:
Ru


Innate Abilities, Weirdness & Mutations

You have a pair of horns on your head.
You reflexively headbutt those who attack you in melee.


Message History

The yak gores you!
You hit the yak.
The yak is severely wounded.
You slash the yak! You block the yak's attack.
The yak gores you but does no damage. You block the yak's attack.
The yak gores you but does no damage.
You slice the yak!!
You kill the yak!
You hit the yak but do no damage. You block the yak's attack.
The yak gores you but does no damage.
Your Axes skill increases to level 6!
The yak barely misses you.
You barely miss the yak.
The yak is almost dead.
The yak gores you. The yak gores you!
You slash the yak!
You kill the yak!
Your Fighting skill increases to level 7!
You see here a yak corpse.
You start resting.
HP restored.
There is a stone staircase leading down, spattered with blood here.
You climb downwards.
The yak barely misses you. The yak gores you! You block the yak's attack.
The yak gores you.
There is a stone staircase leading up, spattered with blood here.
The yak gores you but does no damage. The yak gores you! x3
You climb upwards.
There is a stone staircase leading down, spattered with blood here.
The yak attacks as you move away! The yak gores you but does no damage.
The yak gores you!
* * * LOW HITPOINT WARNING * * *
The yak closely misses you.
You see here a yak corpse.
You hit the yak but do no damage. Your headbutt misses the yak.
You barely miss the yak. You slash the yak! You hit the yak. The yak gores you!
* * * LOW HITPOINT WARNING * * *
The yak gores you.
* * * LOW HITPOINT WARNING * * *
The yak gores you but does no damage. The yak gores you.
You die...

###.............# #.#
#.........
##.##.......#.# #.#
#)##.#####
#.#####.##...# #.#
#.##).....
#.#####.###..# #.#
#.##..####
#............# #.#
#.##..# #
#.########...# #.#
#†#...# # #.#
#...###.####.#.#.####
#.#
#...YY†..........#...
#.#
##..@Y.............##
#.#
#.#Y#######...######
#.# #.#.# #...######
####.# #.#.#
#......... .....#
#.#.# ##..######
####.#########.#.#####
#........
#..)..............#
#.#######
#.######.##.#####.#
#.####### #.# #.##.#
#.# #.....†..


You could see 4 yaks.

Vanquished Creatures
  2 yaks (D:4)
  2 black bears
  An ogre (D:4)
  A phantom (D:4)
  3 orc priests
  2 iguanas (D:4)
  An orc wizard (D:4)
  5 adders
  3 gnolls (D:3)
  A worm (D:2)
  3 dart slugs
  11 orcs
  8 ball pythons
  12 endoplasms
  3 giant cockroaches
  11 goblins
  6 hobgoblins
  3 jackals (D:1)
  3 quokkas
  4 bats
  4 frilled lizards
  11 kobolds
  8 rats
108 creatures vanquished.

Notes
Turn   | Place    | Note
-------+----------+-------------------------------------------
     0 | D:1      | bmack86 the Minotaur Fighter began the quest for the Orb.
     0 | D:1      | Reached XP level 1. HP: 19/19 MP: 0/0
   203 | D:1      | Reached XP level 2. HP: 24/27 MP: 1/1
   239 | D:1      | Reached skill level 4 in Fighting
   428 | D:1      | Reached XP level 3. HP: 27/33 MP: 2/2
  1312 | D:2      | Reached XP level 4. HP: 37/41 MP: 3/3
  1494 | D:2      | Found a sacrificial altar of Ru.
  1660 | D:3      | Noticed a black bear
  1661 | D:3      | Reached skill level 1 in Throwing
  1661 | D:3      | Reached XP level 5. HP: 43/47 MP: 4/4
  1669 | D:2      | Reached skill level 5 in Fighting
  1669 | D:2      | Killed a black bear
  1752 | D:3      | Reached XP level 6. HP: 24/56 MP: 5/5
  2478 | D:4      | Reached skill level 5 in Axes
  2660 | D:4      | Reached skill level 6 in Fighting
  2660 | D:4      | Reached skill level 5 in Shields
  2660 | D:4      | Reached XP level 7. HP: 63/63 MP: 6/6
  2673 | D:4      | Reached skill level 5 in Armour
  3152 | D:5      | Entered Level 5 of the Dungeon
  3152 | D:5      | Noticed a yak
  3152 | D:5      | Noticed a yak
  3152 | D:5      | Noticed a yak
  3152 | D:5      | Noticed a yak
  3152 | D:5      | Noticed a yak
  3152 | D:5      | Noticed a yak
  3159 | D:4      | Killed a yak
  3162 | D:4      | Killed a yak
  3163 | D:4      | Reached skill level 7 in Fighting
  3301 | D:4      | HP: 2/66 [yak (4)]
  3301 | D:4      | Slain by a yak

Illustrated notes

Levels and vault maps discovered:
D:1:      onia_arrival_mini_maze, layout_basic
D:2:      layout_basic, basic_altar, grunt_ministairs_15
D:3:      layout_basic
D:4:      layout_loops_ring
D:5:      minmay_skewed_foursquare, layout_loops_corners,
          nemelex_spade_bored_becter, gammafunk_temple_overflow_statue,
          minmay_manual_mail, uniq_blork_the_orc

Skill      XL: |  1  2  3  4  5  6  7 |
---------------+----------------------+-----
Fighting       | 4 5 6 7 |  7.0
Axes           | 3 4 5 6 |  6.3
Armour         | 4 5 |  5.5
Shields        | 4 5 |  5.5
Throwing       | 1 2 |  2.9

Action                   |  1- 3 |  4- 6 |  7- 9 || total
-------------------------+-------+-------+-------++-------
Melee: War axe           |   103 |    84 |    39 ||   226
       Headbutt          |     8 |    11 |     2 ||    21
Throw: Dart              |       |     1 |       ||     1
  Use: Scroll            |       |    10 |       ||    10
Armor: Scale mail        |    51 |       |       ||    51
       Chain mail        |    28 |    69 |    24 ||   121
Dodge: Dodged            |    51 |    40 |    19 ||   110
Block: Buckler           |    20 |    27 |    14 ||    61

Table legend: (Time is in decaauts)
 A = Elapsed time spent in this place.
 B = Non-inter-level travel time spent in this place.
 C = Inter-level travel time spent in this place.
 D = Time resting spent in this place.
 E = Time spent auto-exploring this place.
 F = Levels seen in this place.
 G = Mean time per level.
                   A        B        C        D        E       F      G
               +--------+--------+--------+--------+--------+-----+--------+
         Total |   3415 |   3366 |     49 |    412 |   1987 |   5 |  683.0 |
       Dungeon |   3415 |   3366 |     49 |    412 |   1987 |   5 |  683.0 |
               +--------+--------+--------+--------+--------+-----+--------+

Top non-repeatable levels by time:
     D:1: 1117 daAuts
     D:4: 931 daAuts
     D:3: 772 daAuts
     D:2: 589 daAuts
     D:5: 4 daAuts
